 Dungeon Crawl Stone Soup version 0.22-a0-402-ga933591907 (webtiles) character file.

1859 Flugkiller the Poker (level 8, -3/58 HPs)
             Began as a Mummy Summoner on May 7, 2018.
             Was an Initiate of Gozag.
             Slain by an orc warrior
             ... wielding a +0 halberd
              (18 damage)
             ... on level 8 of the Dungeon.
             The game lasted 00:15:57 (10486 turns).

Flugkiller the Poker (Mummy Summoner)              Turns: 10486, Time: 00:15:58

Health: -3/58      AC: 11    Str: 12    XL:     8   Next: 89%
Magic:  11/14      EV: 11    Int: 16    God:    Gozag
Gold:   806        SH:  0    Dex: 12    Spells: 0/15 levels left

rFire    x . .     SeeInvis .   o - +1 scythe (freeze)
rCold    + . .     Gourm    .   (shield currently unavailable)
rNeg     + + +     Faith    .   p - +2 leather armour {MR+}
rPois    ∞         Spirit   .   (no helmet)
rElec    .         Reflect  .   a - +1 cloak {MR+}
rCorr    .         Harm     .   h - +2 pair of gloves
MR       +++..                  l - +0 pair of boots
Stlth    +.........             (no amulet)
HPRegen  0.19/turn              (no ring)
MPRegen  0.14/turn              (no ring)

@: no status effects
A: no food or potions, fire vulnerability, cold resistance 1, negative energy
resistance 3, torment resistance, unbreathing
a: Potion Petition, Call Merchant, Bribe Branch, Renounce Religion


You were on level 8 of the Dungeon.
You worshipped Gozag.
Gozag was pleased with you.
You were not hungry.

You visited 2 branches of the dungeon, and saw 9 of its levels.

You collected 880 gold pieces.
You paid 74 gold pieces to Gozag.

Inventory:

Hand Weapons
 e - a +0 spear
 o - a +1 scythe of freezing (weapon)
Armour
 a - a +1 cloak of magic resistance (worn)
 h - a +2 pair of gloves (worn)
 j - a +0 shield
 l - a +0 pair of boots (worn)
 p - a +2 leather armour of magic resistance (worn)
Wands
 b - a wand of random effects (35)
 q - a wand of enslavement (14)
 r - a wand of paralysis (14)
Scrolls
 c - 3 scrolls of remove curse
 d - a scroll of brand weapon
 f - 3 scrolls of amnesia
 g - a scroll of enchant armour
 i - a scroll of enchant weapon {unknown}
 k - 2 scrolls of magic mapping
 m - 4 scrolls of teleportation
 n - a scroll of fog {unknown}


   Skills:
 - Level 3.0 Fighting
 + Level 5.9 Polearms
 - Level 1.5 Dodging
 - Level 1.5 Stealth
 - Level 4.0 Spellcasting
 + Level 5.4 Summonings
 - Level 5.1 Necromancy
 + Level 1.8 Air Magic


You couldn't memorise any spells.
You knew the following spells:

 Your Spells              Type           Power        Failure   Level  Hunger
a - Summon Small Mammal   Summ           ###.         2%          1    N/A
b - Call Imp              Summ           ###.....     3%          2    N/A
c - Call Canine Familiar  Summ           ###.....     7%          3    N/A
d - Animate Skeleton      Necr           N/A          2%          1    N/A
e - Animate Dead          Necr           N/A          26%         4    N/A
f - Summon Lightning Spi  Summ/Air       ##......     43%         4    N/A

Dungeon Overview and Level Annotations

Branches:
Dungeon (8/15)             Temple (1/1) D:4
   Lair: D:8-11

Altars:
Ashenzari
Cheibriados
Dithmenos
Elyvilon
Fedhas
Gozag
Hepliaklqana
Kikubaaqudgha
Makhleb
Nemelex Xobeh
Okawaru
Qazlal
Ru
Sif Muna
Trog
Uskayaw
Vehumet
Wu Jian
Xom
Yredelemnul
Zin
The Shining One

Shops:
D:7 =


Innate Abilities, Weirdness & Mutations

You do not eat or drink.
Your flesh is vulnerable to fire.
You are immune to poison.
Your flesh is cold resistant. (rC+)
You are immune to negative energy. (rN+++)
You are immune to unholy pain and torment.
You can survive without breathing.


Message History

Attack whom?
Press: ? - help, Dir - move target cursor, f/p - orc warrior
Aim: an orc warrior, wielding a halberd and wearing a plate armour (heavily wounded)
You could not reach far enough!
Your white imp hits the orc warrior.
Your white imp freezes the orc warrior.
Your crimson imp blinks!
The orc warrior hits you from afar with a halberd!
You are too injured to fight recklessly!
You are too injured to fight recklessly!
Attack whom?
Press: ? - help, Dir - move target cursor, f/p - orc warrior
Aim: an orc warrior, wielding a halberd and wearing a plate armour (severely wounded)
You could not reach far enough!
Your white imp hits the orc warrior but does no damage.
The orc warrior hits you from afar with a halberd!!
* * * LOW HITPOINT WARNING * * *
Your white imp closely misses the orc warrior.
The orc warrior hits you from afar with a halberd!!
You die...
Your body crumbles into a pile of gold. #=. #.# #.# ooo

#{# #o# #5## #@5#
##.# #.# #.# #.#
#.#####.########
#..............######
########.####........
#.####..#####.


You could see an orc warrior, 3 orcs, a friendly crimson imp and a friendly
white imp.

Vanquished Creatures
  2 hippogriffs
  2 phantoms
  A centaur (D:5)
  A bullfrog (D:6)
  A scorpion (D:5)
  3 crimson imps
  A centaur skeleton (D:7)
  3 orc wizards
  Crazy Yiuf (D:7)
  A jelly (D:5)
  Natasha (D:2)
  A killer bee zombie (D:7)
  A mummy (D:7)
  6 adders
  A shadow imp (D:7)
  A white imp (D:6)
  4 oozes
  A worm (D:2)
  2 dart slugs
  4 leopard geckos
  5 orcs
  A ball python (D:3)
  4 giant cockroaches
  4 goblins
  2 jackals (D:5)
  4 quokkas
  4 bats
  3 frilled lizards
  A kobold (D:3)
  4 rats
70 creatures vanquished.

Vanquished Creatures (collateral kills)
  Sigmund (D:6)
  Menkaure (D:7)
  An ice beast (D:5)
  A black bear (D:7)
  A sky beast (D:7)
  2 centaurs
  2 ogres (D:6)
  A bullfrog (D:6)
  2 crimson imps
  2 hounds (D:6)
  A centaur skeleton (D:3)
  An orc priest (D:6)
  3 orc wizards
  Natasha (D:2)
  An iguana (D:7)
  A worker ant (D:4)
  A hound zombie (D:5)
  8 adders
  A shadow imp (D:6)
  An adder skeleton (D:3)
  3 worms
  3 dart slugs (D:1)
  2 leopard geckos
  17 orcs
  A giant cockroach (D:2)
  5 goblins
  5 hobgoblins
  2 jackals (D:5)
  A ball python (D:4)
  4 bats
  3 frilled lizards
  2 kobolds (D:3)
  7 rats
88 creatures vanquished.

Grand Total: 158 creatures vanquished

Notes
Turn   | Place    | Note
-------+----------+-------------------------------------------
     0 | D:1      | Flugkiller the Mummy Summoner began the quest for the Orb.
     0 | D:1      | Reached XP level 1. HP: 13/13 MP: 4/4
   694 | D:1      | Reached XP level 2. HP: 19/19 MP: 3/6
   722 | D:1      | Learned a level 2 spell: Call Imp
  1489 | D:2      | Reached XP level 3. HP: 20/24 MP: 2/8
  1906 | D:2      | Found a hide-covered altar of Uskayaw.
  1906 | D:2      | Noticed Natasha
  1911 | D:2      | Killed Natasha
  1911 | D:2      | Reached skill level 1 in Polearms
  2067 | D:2      | Reached XP level 4. HP: 27/30 MP: 7/10
  2113 | D:2      | Found a faded altar of an unknown god.
  2734 | D:2      | Noticed Natasha
  2747 | D:2      | Killed Natasha
  3185 | D:3      | Reached XP level 5. HP: 33/35 MP: 9/11
  3460 | D:3      | Learned a level 3 spell: Call Canine Familiar
  3484 | D:3      | Found a glowing silver altar of Zin.
  3799 | D:4      | Found a staircase to the Ecumenical Temple.
  3807 | Temple   | Entered the Ecumenical Temple
  3814 | Temple   | Became a worshipper of Gozag Ym Sagoz the Greedy
  3953 | D:4      | Found a sparkling altar of Nemelex Xobeh.
  4126 | D:4      | Noticed Menkaure
  4890 | D:4      | Found a sparkling altar of Nemelex Xobeh.
  4950 | D:4      | Found a staircase to the Ecumenical Temple.
  5544 | D:4      | Found a sparkling altar of Nemelex Xobeh.
  5604 | D:4      | Found a staircase to the Ecumenical Temple.
  5941 | D:5      | Entered Level 5 of the Dungeon
  5947 | D:5      | Noticed an ice beast
  5990 | D:5      | Reached XP level 6. HP: 36/41 MP: 6/12
  6007 | D:5      | Killed an ice beast
  6201 | D:5      | Reached skill level 5 in Summonings
  6242 | D:5      | Learned a level 1 spell: Animate Skeleton
  6255 | D:5      | Found a blossoming altar of Fedhas.
  6296 | D:5      | Reached skill level 1 in Necromancy
  6624 | D:5      | HP: 1/41 [centaur (6)]
  7055 | D:5      | Reached XP level 7. HP: 43/46 MP: 11/13
  7119 | D:5      | Noticed a hippogriff
  7140 | D:5      | Killed a hippogriff
  7632 | D:6      | Reached skill level 1 in Fighting
  8056 | D:6      | Noticed Sigmund
  8110 | D:6      | Killed Sigmund
  8343 | D:6      | Reached XP level 8. HP: 57/57 MP: 11/14
  8481 | D:6      | Learned a level 4 spell: Animate Dead
  8821 | D:6      | Found a shadowy altar of Dithmenos.
  9000 | D:6      | Reached skill level 5 in Polearms
  9229 | D:7      | Killed Menkaure
  9645 | D:7      | Reached skill level 5 in Necromancy
  9817 | D:7      | Learned a level 4 spell: Summon Lightning Spire
 10016 | D:7      | Found a runed door.
 10117 | D:7      | Found Umugorys's Jewellery Shoppe.
 10299 | D:7      | Noticed Crazy Yiuf
 10306 | D:7      | Killed Crazy Yiuf
 10306 | D:7      | Reached skill level 1 in Air Magic
 10422 | D:8      | Noticed a hippogriff
 10431 | D:8      | Killed a hippogriff
 10486 | D:8      | Slain by an orc warrior

Vault maps used:
D:1:      dpeg_cavernosity, supply_closet_lemuel
D:2:      cheibrodos_old_hovel, lemuel_round_altar,
          chequers_ecumenical_altar_island, first_ration, uniq_natasha
D:3:      zin_treasury, minivault_14
D:4:      minmay_temple_entry_statues_fountains, lemuel_statue_altar,
          uniq_menkaure
D:5:      lemuel_doored_altar
D:6:      lemuel_round_altar, minmay_fire_ice_demons, uniq_sigmund
D:7:      serial_shops, nicolae_shop_behind_doors, gup_ossuary_entry_pyramid,
          uniq_crazy_yiuf_cottage
Temple:   nicolae_temple_no_exploring_needed

Skill      XL: |  1  2  3  4  5  6  7  8 |
---------------+-------------------------+-----
Spellcasting   | 3 4 |  4.0
Polearms       | 1 2 3 4 5 |  5.9
Summonings     | 4 5 |  5.4
Necromancy     | 2 3 5 |  5.1
Fighting       | 2 3 |  3.0
Air Magic      | 1 |  1.8
Dodging        | |  1.5
Stealth        | |  1.5

Action                   |  1- 3 |  4- 6 |  7- 9 || total
-------------------------+-------+-------+-------++-------
Melee: Unarmed           |     5 |       |       ||     5
       Spear             |   108 |   261 |    71 ||   440
       Scythe            |       |       |    98 ||    98
 Cast: Summon Small Mamm |    19 |       |       ||    19
       Call Imp          |    19 |    38 |    33 ||    90
       Call Canine Famil |       |    14 |    37 ||    51
  Use: Scroll            |       |     7 |     3 ||    10
 Stab: Sleeping          |     5 |     5 |     1 ||    11
       Distracted        |     2 |     2 |     6 ||    10
Armor: Robe              |    26 |    49 |    16 ||    91
       Leather armour    |       |       |    60 ||    60
Dodge: Dodged            |    69 |   151 |    84 ||   304

Table legend:
 A = Spawn XP
 B = Non-spawn XP
 C = Spawn XP percentage of total XP
 D = Spawn monster count
 E = Non-spawn monster count
 F = Spawn count percentage of total count
 G = Total turns spent on level
                    A         B        C        D         E        F      G
               +---------+---------+-------+---------+---------+-------+---------
         Total |       0 |    2657 |   0.0 |       0 |     158 |   0.0 | 10486
               +---------+---------+-------+---------+---------+-------+---------
           D:1 |       0 |      31 |   0.0 |       0 |      18 |   0.0 |  1441
           D:2 |       0 |     159 |   0.0 |       0 |      33 |   0.0 |  1730
           D:3 |       0 |     135 |   0.0 |       0 |      33 |   0.0 |   606
           D:4 |       0 |      49 |   0.0 |       0 |       7 |   0.0 |  2149
           D:5 |       0 |     665 |   0.0 |       0 |      17 |   0.0 |  1651
           D:6 |       0 |     697 |   0.0 |       0 |      31 |   0.0 |  1561
           D:7 |       0 |     570 |   0.0 |       0 |      15 |   0.0 |  1220
           D:8 |       0 |     351 |   0.0 |       0 |       4 |   0.0 |   113
               +---------+---------+-------+---------+---------+-------+---------
